 Dungeon Crawl Stone Soup version 0.21.1-1-g345015fe64 (webtiles) character file.

191 Ivernyr the Skirmisher (level 5, 0/28 HPs)
             Began as a Vine Stalker Monk on June 10, 2018.
             Killed from afar by an orc wizard (6 damage)
             ... with a magic dart
             ... on level 3 of the Dungeon.
             The game lasted 00:04:40 (1470 turns).

Ivernyr the Skirmisher (Vine Stalker Monk)          Turns: 1470, Time: 00:04:40

Health: 0/28       AC:  6    Str: 14    XL:     5   Next: 70%
Magic:  0/6        EV: 10    Int: 10    God:
Gold:   185        SH:  0    Dex: 17    Spells: 4/4 levels left

rFire    . . .     SeeInvis .   a - +0 falchion
rCold    . . .     Gourm    .   (no shield)
rNeg     . . .     Faith    .   b - +0 scale mail
rPois    .         Spirit   +   (no helmet)
rElec    .         Reflect  .   (no cloak)
rCorr    .         Harm     .   (no gloves)
MR       .....                  (no boots)
Stlth    +.........             (no amulet)
HPRegen  0.49/turn              (no ring)
MPRegen  0.10/turn              (no ring)

@: no status effects
A: fangs 2, regeneration 1, magic shield, antimagic bite, no potion heal 3, rot
immunity
a: no special abilities


You were on level 3 of the Dungeon.
You were not hungry.

You visited 1 branch of the dungeon, and saw 3 of its levels.

You collected 185 gold pieces.

Inventory:

Hand Weapons
 a - a +0 falchion (weapon)
Armour
 b - a +0 scale mail (worn)
Scrolls
 e - a scroll of immolation {unknown}
 h - a scroll of magic mapping {unknown}
 j - 2 scrolls of identify {unknown}
 l - 2 scrolls of teleportation {unknown}
 m - a scroll of amnesia {unknown}
 n - a scroll of enchant armour {unknown}
 o - a scroll of fear {unknown}
Potions
 d - a potion of mutation {unknown}
 f - a potion of haste {unknown}
 g - 2 potions of curing {unknown}
 i - a potion of ambrosia {unknown}
 p - a potion of flight {unknown}
Comestibles
 c - a ration
 k - 2 chunks of flesh


   Skills:
 + Level 3.4 Fighting
 + Level 3.4 Long Blades
 * Level 2.9 Throwing
 + Level 1.6 Armour
 - Level 2.4 Dodging
 - Level 2.4 Stealth


You had 4 spell levels left.
You didn't know any spells.

Dungeon Overview and Level Annotations

Branches:
Dungeon (3/15)

Altars:
Xom
Zin


Innate Abilities, Weirdness & Mutations

You have extremely sharp teeth.
Your natural rate of healing is unusually fast.
When hurt, damage is shared between your health and your magic reserves.
Your bite disrupts and absorbs the magic of your enemies.
Potions cannot restore your health.
You are immune to rotting.


Message History

Something hits you but does no damage. The orc barely misses you.
You hit the orc but do no damage. Your bite misses the orc.
You hear some strange, mumbled words.
You are more confused.
The orc hits you with a flail.
You hit the orc.
The orc is moderately wounded.
Something hits you but does no damage. The orc hits you with a flail.
You're too confused to move!
You hear some strange, mumbled words.
A puff of flame appears from out of thin air!
The puff of flame hits you! The orc hits you but does no damage.
Something hits you. The orc hits you with a flail!
* * * LOW HITPOINT WARNING * * *
Something hits you but does no damage.
You feel less confused. Something hits you but does no damage.
A magic dart appears from out of thin air!
The magic dart hits you!
You die...

........#).#
#..........#
...........# .
###.......## ...
..........###...
......†..........
...#....o#.......
..........#......
.......@....#....
#.......†........
........)..#.....
...........##.###
...........##.##
...............#
#..........##.....
...........# ....
#.......†.# #.#


You could see an orc.

Vanquished Creatures
  A centaur skeleton (D:2)
  Jessica (D:2)
  Terence (D:2)
  2 adders
  4 oozes (D:1)
  6 worms
  A dart slug (D:2)
  An orc (D:3)
  2 ball pythons (D:2)
  10 giant cockroaches
  A goblin (D:1)
  4 hobgoblins
  5 jackals
  3 kobolds
  A quokka (D:2)
  5 bats
  3 frilled lizards
  8 rats
59 creatures vanquished.

Notes
Turn   | Place    | Note
-------+----------+-------------------------------------------
     0 | D:1      | Ivernyr the Vine Stalker Monk began the quest for the Orb.
     0 | D:1      | Reached XP level 1. HP: 11/11 MP: 2/2
     2 | D:1      | Found a runed door.
    15 | D:1      | Reached XP level 2. HP: 16/16 MP: 3/3
    29 | D:1      | Reached skill level 1 in Throwing
    47 | D:1      | Reached XP level 3. HP: 15/19 MP: 4/4
   804 | D:2      | Noticed Jessica
   813 | D:2      | Reached skill level 1 in Armour
   813 | D:2      | Gained mutation: Your natural rate of healing is unusually fast. [Vine Stalker growth]
   813 | D:2      | Reached XP level 4. HP: 18/24 MP: 5/5
   815 | D:2      | Killed Jessica
   839 | D:2      | Found a shimmering altar of Xom.
   941 | D:2      | Noticed Terence
   970 | D:2      | Killed Terence
   970 | D:2      | Reached XP level 5. HP: 21/28 MP: 4/6
  1308 | D:2      | Found a glowing silver altar of Zin.
  1470 | D:3      | Killed from afar by an orc wizard

Skill      XL: |  1  2  3  4 |
---------------+-------------+-----
Throwing       | 1 2 |  2.9
Long Blades    | 3 |  3.4
Fighting       | 3 |  3.4
Armour         | 1 |  1.6
Dodging        | |  2.4
Stealth        | |  2.4

Action                   |  1- 3 |  4- 6 || total
-------------------------+-------+-------++-------
Melee: Falchion          |    54 |   130 ||   184
       Bite              |    17 |    53 ||    70
 Stab: Sleeping          |     2 |     2 ||     4
  Eat: Chunk             |       |     2 ||     2
Armor: Robe              |     7 |     4 ||    11
       Scale mail        |       |    32 ||    32
Dodge: Dodged            |    42 |    87 ||   129
       Rpst.: Falchion   |    13 |    28 ||    41
